 Dungeon Crawl Stone Soup version 0.23.0 (webtiles) character file.

Game seed: 16575810703138947396

2097 LLavrengius the Geomancer (level 9, -1/82 HPs)
             Began as a Red Draconian Earth Elementalist on Feb 10, 2019.
             Was a Follower of Sif Muna.
             Slain by an ogre
             ... wielding a +0 giant spiked club
              (18 damage)
             ... on level 7 of the Dungeon.
             The game lasted 00:26:49 (8243 turns).

LLavrengius the Geomancer (DrEE)                    Turns: 8243, Time: 00:26:50

Health: -1/82      AC:  7    Str: 10    XL:     9   Next: 7%
Magic:  4/13       EV: 12    Int: 21    God:    Sif Muna [*.....]
Gold:   74         SH:  0    Dex: 12    Spells: 2/14 levels left

rFire    + . .     SeeInvis .   z - +5 broad axe "Ahiesh" {speed, *Corrode rPois rC+++ Int+2}
rCold    + + +     Gourm    .   (no shield)
rNeg     . . .     Faith    .   (armour unavailable)
rPois    +         Spirit   .   (helmet restricted)
rElec    .         Reflect  .   d - scarf {cloud immunity}
rCorr    .         Harm     .   (no gloves)
MR       .....                  (no boots)
Stlth    ++........             (no amulet)
HPRegen  0.23/turn              (no ring)
MPRegen  0.13/turn              (no ring)

@: very slightly contaminated, studying Axes
A: breathe fire, unfitting armour, fire resistance 1, cold-blooded, AC +7
a: Breathe Fire, Divine Energy, Renounce Religion


You were on level 7 of the Dungeon.
You worshipped Sif Muna.
Sif Muna was aware of your devotion.
You were hungry.

You visited 2 branches of the dungeon, and saw 8 of its levels.
You also visited: Sewer.

You collected 335 gold pieces.
You spent 261 gold pieces at shops.

Inventory:

Hand Weapons
 a - a +0 short sword
 n - a +0 spear
 o - a +2 mace of crushing
 z - the +5 broad axe "Ahiesh" (weapon) {speed, *Corrode rPois rC+++ Int+2}
   (You bought it in a shop on level 4 of the Dungeon)

   Attacks with this weapon are significantly faster.
   It affects your intelligence (+2).
   It renders you almost immune to cold.
   It protects you from poison.
   It may corrode you when you take damage.
Missiles
 b - 167 stones (quivered)
 p - 17 tomahawks
Armour
 d - a scarf of cloud immunity (worn)
Jewellery
 g - an uncursed ring of ice
 u - an uncursed ring of poison resistance {unknown}
 w - an uncursed ring of protection from cold
 A - an uncursed ring of magical power {unknown}
 B - an uncursed amulet of regeneration {unknown}
Wands
 q - a wand of flame (21)
 r - a wand of disintegration (16)
 C - a wand of iceblast (5)
Scrolls
 h - 2 scrolls of teleportation
 k - 2 scrolls of identify
 t - 2 scrolls of fog {unknown}
 v - 2 scrolls of remove curse {unknown}
Potions
 e - a potion of cancellation {unknown}
 f - 5 potions of curing
 i - a potion of ambrosia {unknown}
 j - 2 potions of magic {unknown}
 l - a potion of heal wounds {unknown}
 m - 3 potions of resistance
 s - a potion of agility {unknown}
 x - a potion of degeneration {unknown}
Books
 y - a manual of Axes
Comestibles
 c - 13 rations


   Skills:
 + Level 8.4 Fighting
 + Level 3.0 Axes
 - Level 1.7 Dodging
 - Level 1.7 Stealth
 - Level 3.0 Spellcasting
 - Level 1.0 Transmutations
 - Level 9.0 Earth Magic


You had 2 spell levels left.
You knew the following spells:

 Your Spells              Type           Power        Failure   Level  Hunger
a - Sandblast             Erth           #####.       1%          1    None
b - Passwall              Tmut/Erth      ###.....     2%          2    ##.....
c - Petrify               Tmut/Erth      ###.....     17%         4    ####...
d - Lee's Rapid Deconstr  Erth           #####.....   9%          5    ######.

Your spell library contained the following spells:

 Spells                   Type           Power        Failure   Level  Hunger
 Infusion                 Chrm           #...         13%         1    None
 Shroud of Golubria       Chrm/Tloc      #.........   21%         2    ##.....
 Song of Slaying          Chrm           #.......     21%         2    ##.....
 Stone Arrow              Conj/Erth      ###...       6%          3    ###....
 Regeneration             Chrm/Necr      #.........   36%         3    ###....
 Spectral Weapon          Hex/Chrm       #.......     36%         3    ###....


Dungeon Overview and Level Annotations

Branches:
Dungeon (7/15)             Temple (1/1) D:5

Altars:
Ashenzari
Cheibriados
Elyvilon
Gozag
Kikubaaqudgha
Makhleb
Nemelex Xobeh
Qazlal
Ru
Sif Muna
Uskayaw
Vehumet
The Shining One

Shops:
D:4 (

Annotations:
D:4 3 runed translucent doors, Phantomfrettchen's ghost, novice DsCK


Innate Abilities, Weirdness & Mutations

You can breathe blasts of fire.
Your fiery red scales are hard. (AC +7)
You cannot fit into any form of body armour.
Your flesh is heat resistant. (rF+)
You are cold-blooded and may be slowed by cold attacks.


Message History

The killer bee is severely wounded.
The killer bee stings you. The killer bee barely misses you.
You closely miss the killer bee.
The killer bee is severely wounded.
The killer bee completely misses you. The killer bee closely misses you.
You hit the killer bee.
The killer bee is almost dead.
The killer bee stings you but does no damage.
The killer bee barely misses you.
You hit the killer bee.
You kill the killer bee!
Sif Muna accepts your kill.
Your Axes skill increases to level 3!
You barely miss the ogre.
Your tail-slap misses the ogre.
The ogre hits you with a +0 giant spiked club!
* * * LOW HITPOINT WARNING * * *
You hit the ogre.
The ogre is lightly wounded.
The ogre hits you with a +0 giant spiked club!!
You die...

#.##...# #.....# ##....#
#####...## #.......##
###......><# .
#............# .>.
####............#
.....##oO@#............#
.....oy{####............#
......### #.............#
..... ##.............
.... ##....###..... .y.
#..## .. ### .


You could see an ogre, a killer bee and 2 orcs.

Vanquished Creatures
  A sky beast (D:7)
  2 ogres (D:6)
  A centaur (D:4)
  4 big kobolds (Sewer)
  A scorpion (D:5)
  5 killer bees (D:7)
  An electric eel (D:6)
  A howler monkey (D:4)
  A bullfrog zombie (D:6)
  2 crimson imps
  2 orc wizards
  2 bullfrog skeletons
  2 orc priests (D:6)
  6 iguanas
  2 jellies
  7 worker ants
  Terence (D:3)
  A howler monkey zombie (D:6)
  8 gnolls
  15 adders
  2 river rats (Sewer)
  A shadow imp (D:7)
  7 oozes
  An adder skeleton (D:5)
  2 adder zombies (D:5)
  4 worms
  2 dart slugs
  6 leopard geckos
  24 orcs
  6 giant cockroaches
  5 hobgoblins
  12 jackals
  6 ball pythons
  8 bats
  4 frilled lizards
  6 goblins
  11 kobolds
  A quokka skeleton (D:5)
  12 rats
185 creatures vanquished.

Notes
Turn   | Place    | Note
-------+----------+-------------------------------------------
     0 | D:1      | LLavrengius the Draconian Earth Elementalist began the
                  | quest for the Orb.
     0 | D:1      | Reached XP level 1. HP: 14/14 MP: 3/3
   364 | D:1      | Reached XP level 2. HP: 20/22 MP: 3/5
   371 | D:1      | Reached skill level 1 in Fighting
   375 | D:1      | Learned a level 2 spell: Passwall
   918 | D:2      | Reached XP level 3. HP: 24/28 MP: 5/7
   955 | D:2      | Found a faded altar of an unknown god.
  1247 | D:2      | Reached XP level 4. HP: 24/38 MP: 0/8
  2050 | D:3      | Noticed Terence
  2112 | D:3      | Killed Terence
  2112 | D:3      | Reached XP level 5. HP: 19/47 MP: 2/9
  2683 | D:3      | Found a white marble altar of Elyvilon.
  2849 | D:3      | Reached skill level 5 in Fighting
  3191 | D:4      | Reached XP level 6. HP: 4/56 MP: 6/10
  3469 | D:4      | Reached skill level 4 in Earth Magic
  3590 | D:4      | Found a glowing drain.
  3744 | Sewer    | Entered a sewer
  3774 | Sewer    | Reached skill level 5 in Earth Magic
  3778 | Sewer    | Your scales start taking on a fiery red colour.
  3778 | Sewer    | Reached XP level 7. HP: 62/62 MP: 7/11
  3778 | Sewer    | Gained mutation: Your flesh is heat resistant. (rF+) [Red
                  | Draconian growth]
  4563 | Sewer    | Reached skill level 6 in Earth Magic
  4737 | D:4      | Found a runed translucent gate.
  4737 | D:4      | Found a runed translucent gate.
  4737 | D:4      | Found a runed translucent gate.
  4738 | D:4      | Noticed Phantomfrettchen's ghost (novice DsCK)
  4795 | D:4      | Found Faeros's Antique Weapon Shoppe.
  5250 | D:5      | Entered Level 5 of the Dungeon
  5360 | D:5      | Found a staircase to the Ecumenical Temple.
  5366 | Temple   | Entered the Ecumenical Temple
  5463 | Temple   | Became a worshipper of Sif Muna the Loreminder
  5733 | D:5      | Reached XP level 8. HP: 66/71 MP: 10/12
  5744 | D:5      | Reached skill level 7 in Earth Magic
  5803 | D:5      | Learned a level 4 spell: Petrify
  6967 | D:6      | Reached * piety under Sif Muna
  6967 | D:6      | Reached skill level 8 in Earth Magic
  7331 | D:6      | Learned a level 5 spell: Lee's Rapid Deconstruction
  7425 | D:4      | Bought a translucent broad axe for 261 gold pieces
  7425 | D:4      | Identified the +5 broad axe "Ahiesh" {speed, *Corrode rPois
                  | rC+++ Int+2} (You bought it in a shop on level 4 of the
                  | Dungeon)
  8077 | D:7      | Reached skill level 1 in Axes
  8223 | D:7      | Reached skill level 9 in Earth Magic
  8226 | D:7      | Reached XP level 9. HP: 76/81 MP: 2/13
  8243 | D:7      | Slain by an ogre

Skill      XL: |  1  2  3  4  5  6  7  8  9 |
---------------+----------------------------+-----
Fighting       | 1 3 4 5 6 8 |  8.4
Spellcasting   | 3 |  3.0
Earth Magic    | 5 6 9 |  9.0
Axes           | 2 3 |  3.0
Dodging        | |  1.7
Stealth        | |  1.7
Transmutations | |  1.0

Action                   |  1- 3 |  4- 6 |  7- 9 || total
-------------------------+-------+-------+-------++-------
Melee: Short sword       |    99 |    85 |       ||   184
       Unarmed           |     8 |       |       ||     8
       Tailslap          |     8 |    19 |    14 ||    41
       Mace              |       |   132 |   198 ||   330
       Broad axe         |       |       |    41 ||    41
 Cast: Sandblast         |    21 |    47 |    47 ||   115
       Lee's Rapid Decon |       |       |     1 ||     1
 Abil: Breathe Fire      |       |       |     9 ||     9
  Use: Potion            |       |     2 |       ||     2
       Scroll            |       |       |     4 ||     4
 Stab: Sleeping          |     2 |     2 |     2 ||     6
  Eat: Chunk             |     1 |     9 |     6 ||    16
       Ration            |       |       |     3 ||     3
Armor: Skin              |    45 |    62 |    66 ||   173
Dodge: Dodged            |    86 |   193 |   202 ||   481
